 Dungeon Crawl Stone Soup version 0.22.1-2-g9c5b331 (webtiles) character file.

45 zowiealexander7 the Covered (level 3, -1/33 HPs)
             Began as a Minotaur Fighter on Nov 29, 2018.
             Slain by a gnoll
             ... wielding a +0 spear
              (8 damage)
             ... on level 2 of the Dungeon.
             The game lasted 00:07:19 (1097 turns).

zowiealexander7 the Covered (Minotaur Fighter)      Turns: 1097, Time: 00:07:23

Health: -1/33      AC:  7    Str: 20    XL:     3   Next: 42%
Magic:  2/2        EV:  7    Int:  4    God:
Gold:   76         SH:  9    Dex:  9    Spells: 2/2 levels left

rFire    . . .     SeeInvis .   a - +0 rapier
rCold    . . .     Gourm    .   c - +0 shield
rNeg     . . .     Faith    .   b - +0 scale mail
rPois    .         Spirit   .   (helmet restricted)
rElec    .         Reflect  .   (no cloak)
rCorr    .         Harm     .   (no gloves)
MR       +....                  (no boots)
Stlth    ..........             (no amulet)
HPRegen  0.11/turn              e - ring of protection from magic
MPRegen  0.08/turn              (no ring)

@: no status effects
A: retaliatory headbutt, horns 2, blink, dopey 1, sense surroundings 1
a: Blink


You were on level 2 of the Dungeon.
You were hungry.

You visited 1 branch of the dungeon, and saw 2 of its levels.

You collected 76 gold pieces.

Inventory:

Hand Weapons
 a - a +0 rapier (weapon)
Armour
 b - a +0 scale mail (worn)
 c - a +0 shield (worn)
Jewellery
 e - a ring of protection from magic (left hand)
Potions
 d - a potion of might
 g - a potion of flight {unknown}
Comestibles
 f - 4 rations


   Skills:
 + Level 4.1 Fighting
 + Level 2.4 Short Blades
 + Level 4.4 Armour
 + Level 0.6 Dodging
 + Level 4.1 Shields


You had 2 spell levels left.
You didn't know any spells.
Your spell library was empty.

Dungeon Overview and Level Annotations

Branches:
Dungeon (2/15)

Altars:
Dithmenos
Elyvilon
Makhleb
Okawaru
Qazlal


Innate Abilities, Weirdness & Mutations

You reflexively headbutt those who attack you in melee.
You have a pair of horns on your head.
You can translocate small distances at will.
You are dopey. (Int -2)
You passively map a small area around you.


Message History

You see here a scroll labeled SABE ZEP LUO.
The gnoll closely misses you. The gnoll hits you with a club.
You block the gnoll's attack. You block the gnoll's attack.
You see here 11 gold pieces.
You see here 11 gold pieces.
You hit the gnoll. Your headbutt misses the gnoll.
The gnoll is moderately wounded.
You block the gnoll's attack. The gnoll barely misses you.
You hit the gnoll.
The gnoll is moderately wounded.
You block the gnoll's attack. The gnoll barely misses you.
The gnoll hits you but does no damage.
You hit the gnoll.
The gnoll is heavily wounded.
The gnoll hits you but does no damage. You block the gnoll's attack.
The gnoll hits you with a spear.
* * * LOW HITPOINT WARNING * * *
The gnoll hits you with a spear!
You die...

, #..........#* * **
..........* * ##.##
...#* #
########...####.#######
.......................
######.....###..(...##
##.?.....##......##
#.gg...........[...
#.@g...............
#...........†_..._.
#..................
#.........#....8.._
#.........#........
#.........##._.....
#...%.....##..._!..
#....$....*###.....
#......... ##.#..


You could see 3 gnolls.

Vanquished Creatures
  An adder (D:2)
  A dart slug (D:1)
  2 leopard geckos (D:1)
  A giant cockroach (D:1)
  2 goblins (D:1)
  5 hobgoblins (D:1)
  4 jackals (D:2)
  6 bats
  A frilled lizard (D:1)
  3 kobolds (D:1)
  5 rats
  A plant (D:1)
32 creatures vanquished.

Notes
Turn   | Place    | Note
-------+----------+-------------------------------------------
     0 | D:1      | zowiealexander7 the Minotaur Fighter began the quest for
                  | the Orb.
     0 | D:1      | Reached XP level 1. HP: 19/19 MP: 0/0
   197 | D:1      | Reached XP level 2. HP: 24/27 MP: 1/1
   292 | D:1      | Gained mutation: You are dopey. (Int -2) [potion of
                  | mutation]
   292 | D:1      | Gained mutation: You passively map a small area around you.
                  | [potion of mutation]
   292 | D:1      | Gained mutation: You can translocate small distances at
                  | will. [potion of mutation]
   733 | D:1      | Reached XP level 3. HP: 33/33 MP: 2/2
  1047 | D:2      | Found a shadowy altar of Dithmenos.
  1050 | D:2      | Found a white marble altar of Elyvilon.
  1050 | D:2      | Found an iron altar of Okawaru.
  1051 | D:2      | Found a stormy altar of Qazlal.
  1051 | D:2      | Found a burning altar of Makhleb.
  1097 | D:2      | Slain by a gnoll

Skill      XL: |  1  2 |
---------------+-------+-----
Armour         | 4 |  4.4
Fighting       | 4 |  4.1
Shields        | 4 |  4.1
Short Blades   | |  2.4
Dodging        | |  0.6

Action                   || total
-------------------------++-------
Melee: Rapier            ||   118
       Headbutt          ||    22
  Use: Scroll            ||     2
       Potion            ||     1
Armor: Scale mail        ||    93
Dodge: Dodged            ||    56
Block: Shield            ||    86
